 Dungeon Crawl Stone Soup version 0.32-a0-290-g598725c5f2 (webtiles) character file.

Game seed: 4396015039330327071

5545 CougarLife the Geomancer (level 10, -6/50 HPs)
             Began as a Gargoyle Earth Elementalist on Feb 14, 2024.
             Was a Believer of Vehumet.
             Killed by divine providence
             ... invoked by a meliai
              (12 damage)
             ... on level 10 of the Dungeon.
             The game lasted 00:14:06 (10870 turns).

CougarLife the Geomancer (GrEE)                    Turns: 10870, Time: 00:14:06

Health: -6/50      AC: 14    Str: 11    XL:     10   Next: 71%
Magic:  20/22      EV: 12    Int: 21    God:    Vehumet [**....]
Gold:   711        SH:  0    Dex: 10    Spells: 21/25 levels left

rFire   + . .        c - +0 dagger
rCold   + . .        (no shield)
rNeg    + . .        J - +0 acid dragon scales
rPois   ∞            x - +0 helmet
rElec   +            F - scarf {rC+ rF+}
rCorr   +            (no gloves)
SInv    .            (no boots)
Will    .....        (no amulet)
Stlth   +            (no ring)
HPRegen 0.28/turn    (no ring)
MPRegen 0.18/turn

%: no passive effects
@: no status effects
A: sickness immunity, AC +7, negative energy resistance 1, electricity
resistance, torment resistance 1, petrification resistance
a: Renounce Religion


You were on level 10 of the Dungeon.
You worshipped Vehumet.
Vehumet was pleased with you.
You visited 2 branches of the dungeon, and saw 11 of its levels.
You also visited: Sewer and Ossuary.

You collected 711 gold pieces.

Inventory:

Hand Weapons
 c - a +0 dagger (weapon)
Missiles
 j - 4 throwing nets
 M - a curare-tipped dart
Armour
 x - a +0 helmet (worn)
 F - a scarf of resistance (worn)
 J - +0 acid dragon scales (worn)
Wands
 A - a wand of roots (43)
 B - a wand of mindburst (16)
 G - a wand of quicksilver (5)
 K - a wand of paralysis (1)
Scrolls
 i - 4 scrolls of fear
 m - 2 scrolls of revelation
 n - a scroll of noise {unknown}
 p - 2 scrolls of poison {unknown}
 q - a scroll of enchant armour {unknown}
 t - 2 scrolls of vulnerability {unknown}
 u - a scroll of enchant weapon {unknown}
 v - 3 scrolls of teleportation
 y - a scroll of torment {unknown}
 z - a scroll of fog {unknown}
 C - 2 scrolls of blinking {unknown}
 I - a scroll of amnesia {unknown}
 L - a scroll of silence {unknown}
Potions
 b - 4 potions of magic
 d - 2 potions of mutation
 f - 10 potions of curing
 g - 5 potions of enlightenment
 h - 2 potions of invisibility
 k - a potion of degeneration {unknown}
 l - 5 potions of might
 o - a potion of heal wounds {unknown}
 r - 3 potions of haste
 s - a potion of attraction {unknown}
 D - 2 potions of lignification
 E - 2 potions of cancellation {unknown}
 H - 2 potions of resistance {unknown}


   Skills:
 * Level 5.1 Dodging
 - Level 2.1 Stealth
 + Level 8.0 Spellcasting
 + Level 9.2 Conjurations
 + Level 10.6 Earth Magic


You had 21 spell levels left.
You knew the following spells:

 Your Spells              Type           Power      Damage    Failure   Level
a - Sandblast             Erth           100%       2d20      1%          1
b - Stone Arrow           Conj/Erth      100%       3d13      1%          3

Your spell library contained the following spells:

 Spells                   Type           Power      Damage    Failure   Level
 Sting                    Conj/Alch      100%       1d9       1%          1
 Magic Dart               Conj           100%       1d8       1%          1
 Passwall                 Erth           52%        N/A       1%          3
 Brom's Barrelling Bould  Conj/Erth      50%        2d7       1%          4
 Petrify                  Alch/Erth      30%        N/A       14%         4
 Blink                    Tloc           16%        N/A       19%         2
 Call Imp                 Summ           16%        N/A       19%         2
 Fulminant Prism          Conj/Alch      13%        3d8       19%         4
 Iskenderun's Mystic Bla  Conj/Tloc      27%        2d7       19%         4
 Volatile Blastmotes      Fire/Tloc      16%        2d11      36%         3


Dungeon Overview and Level Annotations

Branches:
Dungeon (10/15)            Temple (1/1) D:6           Sewer (visited)
Ossuary (visited)
   Lair: D:8-11         Orc: D:9-12

Altars:
Ashenzari
Cheibriados
Dithmenos
Elyvilon
Fedhas
Gozag
Hepliaklqana
Kikubaaqudgha
Makhleb
Nemelex Xobeh
Okawaru
Qazlal
Ru
Trog
Uskayaw
Vehumet
Wu Jian
Xom
Yredelemnul
Zin
The Shining One

Annotations:
D:4 2 transporters, Scrimshaw's ghost, amateur GnWn
D:9 3 runed translucent doors, zureal's ghost, journeyman MiBe


Innate Abilities, Weirdness & Mutations

You are immune to sickness and miasma.
Your stone body is resilient. (AC +7)
You are immune to poison.
You resist negative energy. (rN+)
You are resistant to electric shocks. (rElec)
You are resistant to unholy torment.
You are immune to petrification.


Message History

Aim: a meliai, wielding a +0 war axe and wearing a +0 robe (78% to hit)
The blast of sand hits the meliai!
The meliai is heavily wounded.
The meliai barely misses you. The meliai stings you.
The meliai hits you but does no damage. The meliai stings you.
The meliai mumbles some strange prayers to its god against you.
Something smites you!
The blast of sand hits the meliai!!
You kill the meliai!
Vehumet accepts your kill.
Your Dodging skill increases to level 5!
Your Spellcasting skill increases to level 8!
There is an open door here.
There is a stone staircase leading up here.
A meliai is nearby!
The meliai buzzes angrily.
The meliai invokes the aid of its god against you.
Something smites you!
A meliai comes into view. It is wielding a +0 hand axe.
The meliai barely misses you.
The meliai stings you but does no damage.
The meliai closely misses you. The meliai stings you.
* * * LOW HITPOINT WARNING * * *
The meliai hits you but does no damage.
The meliai stings you but does no damage.
Casting: Sandblast (safe; 1% risk of failure)
Confirm with . or Enter, or press ? or * to list all spells.
Aiming: Sandblast (safe; 1% risk of failure)
Press: ? - help, Shift-Dir - straight line, f - meliai
Aim: a meliai, wielding a +0 war axe and wearing a +0 leather armour (78% to hit)
The blast of sand hits the meliai!
The meliai is heavily wounded.
The meliai hits you with a +0 war axe.
* * * LOW HITPOINT WARNING * * *
The meliai closely misses you. The meliai barely misses you.
The meliai stings you.
* * * LOW HITPOINT WARNING * * *
The meliai calls down the wrath of its god upon you.
Something smites you!
You die...

#...
#..#######
#..#.....#
#..#.....#
#..#.....#
#..#.....#...#
#..###'###...#
#@y.....)....#
#........)...#
#.##'#####...#
#.#......#...#
#.#.....##..[#
#.#.....)....#
#.#.....#....#
#.#.....#.y###
#.#######..#


You could see a meliai.

Vanquished Creatures
  A meliai (D:10)
  Psyche (D:9)
  A wraith (D:7)
  11 yaks
  A steam dragon (D:8)
  A water moccasin (D:8)
  An acid dragon (D:8)
  2 ice beasts
  3 orc warriors
  3 centaurs
  A phantom (D:5)
  2 kobold brigands (D:9)
  4 bullfrogs
  A scorpion (D:7)
  5 wights (D:7)
  A howler monkey (D:8)
  7 jellies
  A bombardier beetle (D:5)
  A gnoll bouda (D:7)
  6 hounds
  2 orc priests
  2 iguanas (D:6)
  3 orc wizards (D:9)
  3 sleepcaps
  8 mummies (Ossuary)
  Robin (D:4)
  7 adders
  18 gnolls
  A river rat (Sewer)
  5 white imps
  A ribbon worm (D:4)
  19 orcs
  9 ball pythons
  12 endoplasms
  4 giant cockroaches
  12 goblins
  10 hobgoblins
  6 jackals
  8 quokkas
  5 bats
  4 frilled lizards
  2 gnoll zombies (Ossuary)
  A hobgoblin zombie (Ossuary)
  16 kobolds
  3 kobold zombies (Ossuary)
  2 orc zombies (Ossuary)
  8 rats
226 creatures vanquished.

Notes
Turn   | Place    | Note
-------+----------+-------------------------------------------
     0 | D:1      | CougarLife the Gargoyle Earth Elementalist began the quest
                  | for the Orb.
     0 | D:1      | Reached XP level 1. HP: 10/10 MP: 3/3
    71 | D:1      | Reached XP level 2. HP: 10/15 MP: 0/5
   194 | D:1      | Reached skill level 4 in Earth Magic
   428 | D:1      | Reached XP level 3. HP: 19/19 MP: 4/6
   491 | D:1      | Learned a level 3 spell: Stone Arrow
  1613 | D:2      | Reached XP level 4. HP: 24/24 MP: 6/8
  1992 | D:2      | Reached XP level 5. HP: 28/28 MP: 6/9
  2181 | D:3      | Found a glowing golden altar of the Shining One.
  2186 | D:3      | Found a snail-covered altar of Cheibriados.
  2220 | D:3      | Reached skill level 5 in Earth Magic
  2311 | D:3      | Found a glowing drain.
  2326 | Sewer    | Entered a sewer
  2535 | Sewer    | Reached XP level 6. HP: 15/32 MP: 8/11
  2655 | Sewer    | Found a viscous altar of Jiyva.
  3852 | D:4      | Noticed Robin
  3909 | D:4      | Killed Robin
  4016 | D:4      | Reached skill level 6 in Earth Magic
  4024 | D:3      | Reached XP level 7. HP: 16/36 MP: 6/13
  4447 | D:4      | Found a transporter.
  4472 | D:4      | Noticed Scrimshaw's ghost (amateur GnWn)
  4488 | D:4      | Found a transporter.
  4626 | D:4      | Found a hide-covered altar of Uskayaw.
  4636 | D:4      | Found a shadowy altar of Dithmenos.
  4639 | D:4      | Found a hazy altar of Hepliaklqana.
  4653 | D:4      | Found a shimmering altar of Xom.
  4771 | D:5      | Entered Level 5 of the Dungeon
  5021 | D:5      | Reached skill level 5 in Conjurations
  5348 | D:5      | Reached skill level 5 in Spellcasting
  5348 | D:5      | Reached skill level 7 in Earth Magic
  5348 | D:5      | Reached XP level 8. HP: 41/41 MP: 10/15
  6243 | D:6      | Found a staircase to the Ecumenical Temple.
  6292 | Temple   | Entered the Ecumenical Temple
  6826 | D:6      | Found a burning altar of Makhleb.
  6964 | D:6      | Reached skill level 8 in Earth Magic
  7270 | D:7      | Found a radiant altar of Vehumet.
  7277 | D:7      | Became a worshipper of Vehumet
  7335 | D:7      | Reached XP level 9. HP: 5/45 MP: 3/18
  7336 | D:7      | HP: 2/45 [wight/+0 long sword (4)]
  7477 | D:7      | Found a sand-covered staircase.
  7488 | Ossuary  | Entered an ossuary
  7513 | Ossuary  | Reached * piety under Vehumet
  7513 | Ossuary  | Offered knowledge of Shock by Vehumet.
  7750 | D:7      | Reached skill level 9 in Earth Magic
  7799 | D:7      | Found an opulent altar of Gozag.
  7846 | D:7      | Found a flagged portal.
  9549 | D:9      | Noticed Psyche
  9552 | D:9      | Killed Psyche
  9553 | D:9      | Reached XP level 10. HP: 46/50 MP: 17/21
  9596 | D:9      | Reached skill level 10 in Earth Magic
  9647 | D:9      | Reached ** piety under Vehumet
  9647 | D:9      | Offered knowledge of Sting by Vehumet.
  9823 | D:9      | Found a runed translucent gate.
  9823 | D:9      | Found a runed translucent gate.
  9823 | D:9      | Found a runed translucent gate.
  9852 | D:9      | Noticed zureal's ghost (journeyman MiBe)
  9906 | D:9      | Found an iron altar of Okawaru.
 10350 | D:9      | Found a bloodstained altar of Trog.
 10718 | D:10     | Entered Level 10 of the Dungeon
 10851 | D:10     | Noticed a meliai
 10851 | D:10     | Noticed a meliai
 10858 | D:10     | Killed a meliai
 10859 | D:10     | Reached skill level 5 in Dodging
 10868 | D:10     | Noticed a meliai
 10870 | D:10     | Killed from afar by a meliai

Illustrated notes

Levels and vault maps discovered:
D:1:      beargit_arrival_greenhouse, layout_basic
D:2:      layout_loops_cross, minmay_mini_jars
D:3:      layout_basic, nicolae_overflow_squiral, portal_sewer_entry_d
D:4:      cheibrodos_helix_gallery, layout_basic,
          grunt_temple_overflow_cloverleaf, gammafunk_ghost_gnarly_gnolls,
          uniq_robin
D:5:      wander_river, layout_loops_corners
D:6:      layout_basic, mainiacjoe_overflow_cross_hatched,
          minmay_temple_entry_antechambers
D:7:      layout_cave_pools, mainiacjoe_overflow_paths,
          nicolae_gozag_seed_capital, mainiacjoe_ossuary_entry_dusty_tomb,
          enter_bailey_2
D:8:      layout_layer_cave
D:9:      layout_roguey, mainiacjoe_overflow_six_doors_small,
          okawaru_ov_weapons_minmay, gammafunk_ghost_icy, uniq_psyche
D:10:     layout_irregular_city, kennysheep_mini, patterned_corridor
Temple:   nicolae_temple_ecumenical_triangle

Skill      XL: |  1  2  3  4  5  6  7  8  9 10 |
---------------+-------------------------------+-----
Earth Magic    | 4 5 6 7 8 9 10 | 10.6
Conjurations   | 2 3 4 5 7 8 9 |  9.2
Spellcasting   | 3 4 5 6 7 8 |  8.0
Dodging        | 3 5 |  5.1
Stealth        | |  2.1

Action                     |  1- 3 |  4- 6 |  7- 9 | 10-12 || total
---------------------------+-------+-------+-------+-------++-------
  Melee: Unarmed           |     2 |       |       |       ||     2
         Dagger            |     3 |     8 |     3 |       ||    14
   Cast: Sandblast         |    37 |   112 |   213 |    63 ||   425
         Stone Arrow       |       |       |     3 |     5 ||     8
    Use: Scroll            |       |       |       |    10 ||    10
 Armour: Robe              |    13 |    59 |    86 |       ||   158
         Acid dragon scale |       |       |    19 |    65 ||    84
  Dodge: Dodged            |    15 |    65 |    71 |    40 ||   191

Table legend: (Time is in decaauts)
 A = Elapsed time spent in this place.
 B = Non-inter-level travel time spent in this place.
 C = Inter-level travel time spent in this place.
 D = Time resting spent in this place.
 E = Time spent auto-exploring this place.
 F = Levels seen in this place.
 G = Mean time per level.
                   A        B        C        D        E       F      G
               +--------+--------+--------+--------+--------+-----+--------+
         Total |  11163 |  10779 |    384 |   1434 |   7395 |  13 |  858.7 |
       Dungeon |  10467 |  10083 |    384 |   1218 |   7295 |  10 | 1046.7 |
        Temple |      1 |      1 |      0 |      0 |      0 |   1 |    1.0 |
         Sewer |    451 |    451 |      0 |    181 |     92 |   1 |  451.0 |
       Ossuary |    242 |    242 |      0 |     35 |      8 |   1 |  242.0 |
               +--------+--------+--------+--------+--------+-----+--------+

Top non-repeatable levels by time:
     D:8: 1561 daAuts
     D:3: 1342 daAuts
     D:5: 1305 daAuts
     D:6: 1235 daAuts
     D:1: 1148 daAuts
     D:2: 1036 daAuts
     D:9: 986 daAuts
     D:4: 916 daAuts
     D:7: 777 daAuts
   Sewer: 451 daAuts
 Ossuary: 242 daAuts
    D:10: 155 daAuts
  Temple: 1 daAuts
